 Dungeon Crawl Stone Soup version 0.21.1-1-g345015f (webtiles) character file.

241 Flooderbenga the Grave Robber (level 6, -4/44 HPs)
             Began as a Gnoll Necromancer on Apr 10, 2018.
             Slain by a troll (11 damage)
             ... on level 6 of the Dungeon.
             The game lasted 00:35:18 (1772 turns).

Flooderbenga the Grave Robber (Gnoll Necromancer)   Turns: 1772, Time: 00:35:19

Health: -4/44      AC:  6    Str: 10    XL:     6   Next: 8%
Magic:  5/13       EV: 14    Int: 18    God:
Gold:   131        SH:  0    Dex: 16    Spells: 5/15 levels left

rFire    . . .     SeeInvis .   f - +1 dagger
rCold    . . .     Gourm    .   (no shield)
rNeg     + . .     Faith    .   w - +1 leather armour of Qazlal's Esteem {-Tele rElec rN+ Int+3}
rPois    .         Spirit   .   (no helmet)
rElec    +         Reflect  .   g - +1 cloak
rCorr    .         Harm     .   (no gloves)
MR       .....     NoTele   +   (no boots)
Stlth    +++.......             (no amulet)
HPRegen  0.14/turn              t - -4 ring of intelligence
MPRegen  0.13/turn              j - ring of teleportation (curse)

@: very slightly contaminated, invisible
A: distributed training, fangs 1, strong nose
a: no special abilities


You were on level 6 of the Dungeon.
You were hungry.

You visited 2 branches of the dungeon, and saw 7 of its levels.

You collected 131 gold pieces.

Inventory:

Hand Weapons
 e - a +0 hunting sling
 f - a +1 dagger (weapon)
Missiles
 x - 12 sling bullets
Armour
 a - a +0 robe
 g - a +1 cloak (worn)
 w - the +1 leather armour of Qazlal's Esteem (worn) {-Tele rElec rN+ Int+3}
   (You found it on level 4 of the Dungeon)

   It affects your intelligence (+3).
   It insulates you from electricity.
   It protects you from negative energy.
   It prevents most forms of teleportation.
Magical Staves
 s - an uncursed staff of energy
Jewellery
 j - a cursed ring of teleportation (right hand)
 t - a -4 ring of intelligence (left hand)
Scrolls
 k - a scroll of blinking {unknown}
 m - a scroll of fear {unknown}
 q - a scroll of enchant armour
 r - a scroll of fog {unknown}
 u - a scroll of random uselessness {unknown}
Potions
 d - a potion of might {unknown}
 h - a potion of haste {@q3}
 i - 2 potions of invisibility
 l - 2 potions of cancellation {unknown}
 n - 2 potions of curing {unknown}
 o - a potion of heal wounds {@q2}
 p - a potion of mutation {unknown}
 v - a potion of degeneration {unknown}
Books
 b - a book of Necromancy

   Spells                             Type                      Level
   a - Pain                           Necromancy                   1
   b - Animate Skeleton               Necromancy                   1
   c - Vampiric Draining              Necromancy                   3
   d - Regeneration                   Charms/Necromancy            3
   e - Animate Dead                   Necromancy                   4
   f - Borgnjor's Vile Clutch         Necromancy/Earth             5
Comestibles
 c - 6 rations


   Skills:
 + Level 1.7 Fighting
 + Level 1.7 Short Blades
 + Level 1.7 Long Blades
 + Level 1.7 Axes
 + Level 1.7 Maces & Flails
 + Level 1.7 Polearms
 + Level 1.7 Staves
 + Level 1.7 Slings
 + Level 1.7 Bows
 + Level 1.7 Crossbows
 + Level 1.7 Throwing
 + Level 1.7 Armour
 + Level 4.9 Dodging
 + Level 4.5 Stealth
 + Level 1.7 Shields
 + Level 1.7 Unarmed Combat
 + Level 5.3 Spellcasting
 + Level 1.3 Conjurations
 + Level 1.3 Hexes
 + Level 1.3 Charms
 + Level 1.3 Summonings
 + Level 7.2 Necromancy
 + Level 1.3 Translocations
 + Level 1.3 Transmutations
 + Level 1.3 Fire Magic
 + Level 1.3 Ice Magic
 + Level 1.3 Air Magic
 + Level 1.3 Earth Magic
 + Level 1.3 Poison Magic
 + Level 2.0 Invocations
 + Level 1.7 Evocations


You had 5 spell levels left.
You knew the following spells:

 Your Spells              Type           Power        Failure   Level  Hunger
a - Pain                  Necr           ####         1%          1    None
b - Borgnjor's Vile Clut  Necr/Erth      ###.......   61%         5    ######.
r - Regeneration          Chrm/Necr      ###.......   9%          3    ##.....
z - Animate Skeleton      Necr           N/A          1%          1    None


Dungeon Overview and Level Annotations

Branches:
Dungeon (6/15)             Temple (1/1) D:4

Altars:
Ashenzari
Elyvilon
Fedhas
Gozag
Hepliaklqana
Kikubaaqudgha
Makhleb
Nemelex Xobeh
Okawaru
Qazlal
Ru
Sif Muna
Trog
Wu Jian
Xom
Yredelemnul
Zin

Annotations:
D:3 Grinder; sexinstructor's ghost, amateur MiFi
D:4 salinator123's ghost, novice HOMo


Innate Abilities, Weirdness & Mutations

Your experience applies equally to all skills.
You have very sharp teeth.
Your uncanny sense of smell can sniff out nearby items.


Message History

Okay, then.
It was a potion of invisibility.
You fade into invisibility!
The troll bites you. The troll misses you.
The troll claws you but does no damage.
You are very lightly contaminated with residual magic.
You take 3 damage, and have 16/44 hp.
Here: a troll (heavily wounded)
The floor, spattered with blood.
Your leather armour of Qazlal's Esteem prevents you from hitting the troll.
Okay, then.
Unknown command.
Aim: a troll (heavily wounded, hasn't noticed you, chance to defeat MR: 84%)
The troll writhes in agony!
You take 1 damage, and have 16/44 hp.
You now have 5/13 mp.
You catch the helpless troll completely off-guard!
You puncture the troll! The troll bites you!
* * * LOW HITPOINT WARNING * * *
The troll claws you but does no damage. The troll claws you!
You die...

..#.# ∆ ....
...# # ...# .
#.# ...##.# ..
......#
.####.##T....#
#.
.......@.....#
$##
.#######.....#
..# #...#.#
... #.##∆ #.#
.# #.# # #.#
##<# ##.#


You could see a troll.

Vanquished Creatures
  A centaur skeleton (D:4)
  A worker ant (D:4)
  A hound skeleton (D:4)
  A howler monkey skeleton (D:4)
  2 adders (D:5)
  2 adder skeletons (D:4)
  4 leopard geckos
  3 orcs
  3 bats
  2 giant cockroaches
  6 hobgoblins
  A quokka (D:2)
  A ball python (D:2)
  2 frilled lizards
  6 goblins
  3 kobolds
  A rat (D:3)
40 creatures vanquished.

Vanquished Creatures (collateral kills)
  An ice beast (D:5)
  A worker ant zombie (D:5)
  An adder skeleton (D:5)
  A quokka (D:5)
4 creatures vanquished.

Grand Total: 44 creatures vanquished

Notes
Turn   | Place    | Note
-------+----------+-------------------------------------------
     0 | D:1      | Flooderbenga the Gnoll Necromancer began the quest for the Orb.
     0 | D:1      | Reached XP level 1. HP: 13/13 MP: 6/6
   137 | D:2      | Reached XP level 2. HP: 18/19 MP: 4/7
   146 | D:2      | Learned a level 1 spell: Animate Skeleton
   569 | D:3      | Reached XP level 3. HP: 25/25 MP: 7/9
   573 | D:3      | Reached skill level 5 in Spellcasting
   580 | D:3      | Learned a level 3 spell: Regeneration
   690 | D:3      | Noticed Grinder
   691 | D:3      | Paralysed by Grinder for 3 turns
   898 | D:4      | Reached skill level 1 in Invocations
   915 | D:4      | Reached skill level 1 in Fighting
   915 | D:4      | Reached skill level 1 in Short Blades
   915 | D:4      | Reached skill level 1 in Long Blades
   915 | D:4      | Reached skill level 1 in Axes
   915 | D:4      | Reached skill level 1 in Maces & Flails
   915 | D:4      | Reached skill level 1 in Polearms
   915 | D:4      | Reached skill level 1 in Staves
   915 | D:4      | Reached skill level 1 in Slings
   915 | D:4      | Reached skill level 1 in Bows
   915 | D:4      | Reached skill level 1 in Crossbows
   915 | D:4      | Reached skill level 1 in Throwing
   915 | D:4      | Reached skill level 1 in Armour
   915 | D:4      | Reached skill level 1 in Shields
   915 | D:4      | Reached skill level 1 in Unarmed Combat
   915 | D:4      | Reached skill level 1 in Evocations
   915 | D:4      | Reached XP level 4. HP: 29/32 MP: 3/11
   943 | D:5      | Entered Level 5 of the Dungeon
  1077 | D:4      | Noticed salinator123's ghost (novice HOMo)
  1097 | D:3      | Noticed sexinstructor's ghost (amateur MiFi)
  1159 | D:4      | Found a staircase to the Ecumenical Temple.
  1169 | D:4      | Reached skill level 1 in Conjurations
  1169 | D:4      | Reached skill level 1 in Hexes
  1169 | D:4      | Reached skill level 1 in Charms
  1169 | D:4      | Reached skill level 1 in Summonings
  1169 | D:4      | Reached skill level 1 in Translocations
  1169 | D:4      | Reached skill level 1 in Transmutations
  1169 | D:4      | Reached skill level 1 in Fire Magic
  1169 | D:4      | Reached skill level 1 in Ice Magic
  1169 | D:4      | Reached skill level 1 in Air Magic
  1169 | D:4      | Reached skill level 1 in Earth Magic
  1169 | D:4      | Reached skill level 1 in Poison Magic
  1186 | Temple   | Entered the Ecumenical Temple
  1298 | D:4      | Found a shattered altar of Ashenzari.
  1426 | D:4      | Got a distressingly furry leather armour
  1437 | D:4      | Identified the +1 leather armour of Qazlal's Esteem {-Tele rElec rN+ Int+3} (You found it on level 4 of the Dungeon)
  1460 | D:4      | Reached XP level 5. HP: 37/37 MP: 8/12
  1467 | D:4      | Learned a level 5 spell: Borgnjor's Vile Clutch
  1714 | D:5      | Noticed an ice beast
  1722 | D:5      | Killed an ice beast
  1722 | D:5      | Reached XP level 6. HP: 38/44 MP: 4/13
  1767 | D:6      | Noticed a troll
  1772 | D:6      | Slain by a troll

Skill      XL: |  1  2  3  4  5  6 |
---------------+-------------------+-----
Spellcasting   | 5 |  5.3
Invocations    | 1 2 |  2.0
Fighting       | 1 |  1.7
Short Blades   | 1 |  1.7
Long Blades    | 1 |  1.7
Axes           | 1 |  1.7
Maces & Flails | 1 |  1.7
Polearms       | 1 |  1.7
Staves         | 1 |  1.7
Slings         | 1 |  1.7
Bows           | 1 |  1.7
Crossbows      | 1 |  1.7
Throwing       | 1 |  1.7
Armour         | 1 |  1.7
Shields        | 1 |  1.7
Unarmed Combat | 1 |  1.7
Evocations     | 1 |  1.7
Conjurations   | 1 |  1.3
Hexes          | 1 |  1.3
Charms         | 1 |  1.3
Summonings     | 1 |  1.3
Translocations | 1 |  1.3
Transmutations | 1 |  1.3
Fire Magic     | 1 |  1.3
Ice Magic      | 1 |  1.3
Air Magic      | 1 |  1.3
Earth Magic    | 1 |  1.3
Poison Magic   | 1 |  1.3
Dodging        | |  4.9
Stealth        | |  4.5
Necromancy     | |  7.2

Action                   |  1- 3 |  4- 6 || total
-------------------------+-------+-------++-------
Melee: Dagger            |    12 |    64 ||    76
       Bite              |     1 |     9 ||    10
       Punch             |       |     1 ||     1
 Cast: Pain              |    40 |    18 ||    58
       Animate Skeleton  |     1 |     3 ||     4
       Regeneration      |     3 |     7 ||    10
  Use: Scroll            |       |     5 ||     5
       Potion            |       |     1 ||     1
 Stab: Sleeping          |     6 |     6 ||    12
       Distracted        |       |     1 ||     1
       Invisible         |       |     1 ||     1
  Eat: Chunk             |       |     3 ||     3
Armor: Robe              |    20 |     7 ||    27
       Leather armour    |       |     5 ||     5
Dodge: Dodged            |    72 |    43 ||   115
